 Dungeon Crawl Stone Soup version 0.27-a0-1154-gfdeffcb720 (webtiles) character file.

Game seed: 11921671017865705653

3730 Strat the Zephyrmancer (level 9, -12/102 HPs)
             Began as a Demonspawn Air Elementalist on May 14, 2021.
             Was a Follower of Dithmenos.
             Killed from afar by a black draconian knight (25 damage)
             ... with a bolt of cold
             ... on level 1 of the Abyss.
             The game lasted 00:47:04 (11760 turns).

Strat the Zephyrmancer (DsAE)                      Turns: 11760, Time: 00:47:05

Health: -12/102    AC: 10    Str:  9    XL:     9   Next: 92%
Magic:  13/16      EV: 15    Int: 20    God:    Dithmenos [*.....]
Gold:   467        SH:  0    Dex: 19    Spells: 3/18 levels left

rFire    . . .     SeeInvis .   a - +1 short sword (vorpal)
rCold    + . .     Faith    .   (no shield)
rNeg     . . .     Spirit   .   C - +0 steam dragon scales
rPois    .         Reflect  .   z - +1 helmet
rElec    .         Harm     .   t - +2 cloak {Will+}
rCorr    .         Rampage  .   (no gloves)
Will     +....                  (no boots)
Stlth    ..........             l - amulet of the acrobat
HPRegen  0.27/turn              q - +6 ring of dexterity
MPRegen  0.30/turn              e - ring of protection from cold

@: berserking (expiring), very slightly contaminated, wreathed by umbra,
invisible, very quick
A: claws 2, magic regeneration, demonic magic 1
a: Renounce Religion


You were on level 1 of the Abyss.
You worshipped Dithmenos.
Dithmenos was aware of your devotion.
You visited 2 branches of the dungeon, and saw 10 of its levels.
You visited the Abyss 1 time.

You collected 624 gold pieces.
You spent 157 gold pieces at shops.

Inventory:

Hand Weapons
 a - a +1 vorpal short sword (weapon)
Missiles
 f - 215 stones
 v - 5 boomerangs of dispersal
Armour
 t - a +2 cloak of willpower (worn)
 z - a +1 helmet (worn)
 C - +0 steam dragon scales (worn)
Magical Staves
 b - a staff of air
Jewellery
 e - a ring of protection from cold (right claw)
 l - an amulet of the acrobat (around neck)
 q - a +6 ring of dexterity (left claw)
 s - an amulet of magic regeneration
 y - a ring of resist corrosion
 D - a ring of protection from cold
Wands
 c - a wand of iceblast (8)
 r - a wand of flame (23)
 x - a wand of polymorph (14)
 A - a wand of charming (7)
Scrolls
 h - a scroll of teleportation
 u - a scroll of magic mapping
 B - a scroll of enchant weapon
Potions
 d - 2 potions of attraction
 i - 4 potions of berserk rage
 j - a potion of cancellation {unknown}
 k - 2 potions of brilliance {unknown}
 m - a potion of mutation {unknown}
 n - a potion of might {unknown}
 o - 2 potions of curing
 p - a potion of flight {unknown}


   Skills:
 - Level 5.0 Fighting
 - Level 5.0 Dodging
 - Level 1.7 Stealth
 - Level 5.0 Spellcasting
 + Level 5.5 Conjurations
 + Level 9.4 Air Magic


You had 3 spell levels left.
You knew the following spells:

 Your Spells              Type           Power      Damage    Failure   Level
a - Shock                 Conj/Air       100%       1d9       1%          1
b - Static Discharge      Conj/Air       34%        N/A       1%          2
c - Swiftness             Air            42%        N/A       1%          3
d - Airstrike             Air            21%        N/A       2%          4
e - Lightning Bolt        Conj/Air       17%        1d31      16%         5

Your spell library contained the following spells:

 Spells                   Type           Power      Damage    Failure   Level
 Confusing Touch          Hex            5%         N/A       34%         3
 Gell's Gravitas          Tloc           2%         N/A       34%         3
 Petrify                  Tmut/Erth      5%         N/A       75%         4
 Metabolic Englaciation   Hex/Ice        2%         N/A       97%         5
 Yara's Violent Unravell  Hex/Tmut       2%         3d3       97%         5


Dungeon Overview and Level Annotations

Branches:
Dungeon (9/15)             Temple (1/1) D:4             Orc (0/2) D:9
   Lair: D:8-11

Altars:
Ashenzari
Cheibriados
Dithmenos
Elyvilon
Fedhas
Gozag
Hepliaklqana
Kikubaaqudgha
Makhleb
Nemelex Xobeh
Okawaru
Qazlal
Ru
Sif Muna
Trog
Uskayaw
Vehumet
Wu Jian
Xom
Yredelemnul
Zin
The Shining One

Shops:
D:4 :   D:5 *

Annotations:
D:4 Sigmund
D:9 exclusion: ice statue, Erolcha, Harold


Innate Abilities, Weirdness & Mutations

You have very sharp fingernails.
You regenerate magic rapidly.
Spells you cast may paralyse adjacent enemies.


Message History

You feel a surge of power!
Some blue arcs ground themselves harmlessly.
Malevolent energies surge around you.
* * * LOW MAGIC WARNING * * *
Something hits you!
* * * LOW HITPOINT WARNING * * *
You fade into invisibility!
Something barely misses you.
You feel much better. Something hits you!!
* * * LOW HITPOINT WARNING * * *
You feel much better. Something hits you!!
* * * LOW HITPOINT WARNING * * *
You hear some strange, mumbled words.
A shard of ice appears from out of thin air!
The shard of ice misses you.
A red film seems to cover your vision as you go berserk!
You feel yourself moving faster!
You feel mighty!
a - a +1 vorpal short sword (weapon)
You feel a strong urge to attack something.
The black draconian knight roars!
The black draconian knight misses you.
The black draconian knight blocks your attack.
The black draconian knight roars!
You hit the black draconian knight but do no damage.
The black draconian knight closely misses you.
You catch the helpless black draconian knight completely off-guard!
You hit the black draconian knight but do no damage.
The black draconian knight completely misses you.
You hit the black draconian knight but do no damage.
You catch the helpless black draconian knight completely off-guard!
You hit the black draconian knight.
The black draconian knight is lightly wounded.
You catch the helpless black draconian knight completely off-guard!
You hit the black draconian knight but do no damage.
The black draconian knight is lightly wounded.
You hit the black draconian knight but do no damage.
The black draconian knight is lightly wounded.
The black draconian knight gestures at you while chanting.
The bolt of cold hits you!! You resist.
You die...

..#. #. ... .
... #.
#.######.# #
#.#... .. #.#
##.#. # #### .
#
#............#
#q##. .# #.#
##@##. #.# #
#..##.###
#####. #.# #.#
#.# .#. .#
#.#.# . .# . #
#


You could see a black draconian knight.

Vanquished Creatures
  A two-headed ogre (D:9)
  Maurice (D:9)
  A fire bat (D:6)
  2 steam dragons
  2 acid dragons (D:9)
  A water moccasin (D:8)
  An orc warrior (D:9)
  An ice beast (D:8)
  A black bear (D:5)
  3 ogres
  A centaur (D:7)
  A phantom (D:6)
  A kobold brigand (D:9)
  2 bullfrogs (D:9)
  A gnoll sergeant (D:9)
  A water moccasin skeleton (D:5)
  7 wights
  A bullfrog zombie (D:6)
  2 centaur zombies
  A jelly (D:4)
  2 gnoll shamans (D:8)
  3 hounds
  A centaur skeleton (D:7)
  An iguana (D:5)
  3 orc wizards
  A killer bee zombie (D:8)
  A howler monkey zombie (D:9)
  17 gnolls
  A howler monkey skeleton (D:7)
  3 adders
  A shadow imp (D:6)
  An ufetubus (D:6)
  A worm (D:3)
  3 dart slugs
  23 orcs
  6 ball pythons
  4 bats
  7 endoplasms
  3 giant cockroaches (D:4)
  8 goblins
  4 hobgoblins
  2 quokkas (D:4)
  3 frilled lizards
  8 kobolds
  3 rats
142 creatures vanquished.

Vanquished Creatures (others)
  4 withered plants (D:2)
4 creatures vanquished.

Grand Total: 146 creatures vanquished

Notes
Turn   | Place    | Note
-------+----------+-------------------------------------------
     0 | D:1      | Strat the Demonspawn Air Elementalist began the quest for
                  | the Orb.
     0 | D:1      | Reached XP level 1. HP: 13/13 MP: 3/3
   423 | D:1      | Reached skill level 3 in Air Magic
   898 | D:2      | Gained mutation: You regenerate magic rapidly. [demonic
                  | ancestry]
   898 | D:2      | Reached XP level 2. HP: 19/19 MP: 0/5
   951 | D:2      | Learned a level 2 spell: Static Discharge
  1111 | D:2      | Reached XP level 3. HP: 19/24 MP: 1/6
  1471 | D:2      | Reached skill level 4 in Air Magic
  1798 | D:2      | Learned a level 3 spell: Swiftness
  1926 | D:2      | Gained mutation: You have sharp fingernails. [demonic
                  | ancestry]
  1926 | D:2      | Reached XP level 4. HP: 30/30 MP: 4/7
  1986 | D:2      | Found a faded altar of an unknown god.
  3226 | D:4      | Noticed Sigmund
  3288 | D:4      | Reached XP level 5. HP: 35/35 MP: 3/8
  3532 | D:4      | Found Ageirol's Book Shoppe.
  3726 | D:5      | Entered Level 5 of the Dungeon
  3928 | D:5      | Noticed a black bear
  3952 | D:5      | Killed a black bear
  3953 | D:5      | Reached skill level 5 in Air Magic
  4067 | D:5      | You fall into a shaft and drop 3 floors!
  4068 | D:8      | Noticed a water moccasin
  4344 | D:7      | Reached XP level 6. HP: 25/42 MP: 1/9
  4498 | D:7      | Noticed a two-headed ogre
  4755 | D:7      | Noticed a steam dragon
  4811 | D:6      | Noticed a sky beast
  4840 | D:6      | Reached skill level 1 in Fighting
  5397 | D:5      | Found Xepo's Assorted Antiques.
  5405 | D:5      | Bought a glowing cloak for 157 gold pieces
  5563 | D:5      | Reached XP level 7. HP: 41/49 MP: 2/10
  5861 | D:5      | Found a snail-covered altar of Cheibriados.
  6021 | D:6      | Learned a level 4 spell: Airstrike
  6501 | D:6      | Noticed a fire bat
  6501 | D:6      | a sky beast changed into a fire bat
  6509 | D:6      | Killed a fire bat
  6510 | D:6      | Reached skill level 6 in Air Magic
  7156 | D:7      | Gained mutation: Spells you cast may paralyse adjacent
                  | enemies. [demonic ancestry]
  7156 | D:7      | Reached XP level 8. HP: 60/60 MP: 6/11
  7500 | D:7      | HP: 1/60 [two-headed ogre/+0 giant spiked club (22)]
  8152 | D:4      | Found a staircase to the Ecumenical Temple.
  8168 | Temple   | Entered the Ecumenical Temple
  8479 | Temple   | Became a worshipper of Dithmenos the Shadowed
  9058 | D:7      | Reached skill level 7 in Air Magic
  9333 | D:8      | Reached skill level 5 in Dodging
  9637 | D:8      | Reached skill level 5 in Fighting
 10186 | D:8      | Identified a scroll of acquirement
 10186 | D:8      | Acquired a staff of air
 10389 | D:9      | Noticed an ice devil
 10390 | D:9      | Noticed an ice devil
 10393 | D:9      | Noticed an ice devil
 10429 | D:9      | Reached skill level 8 in Air Magic
 10429 | D:9      | Gained mutation: You have very sharp fingernails. [demonic
                  | ancestry]
 10429 | D:9      | Reached XP level 9. HP: 55/68 MP: 6/12
 10533 | D:9      | Noticed a two-headed ogre
 10591 | D:9      | Reached * piety under Dithmenos
 10592 | D:9      | Noticed an ice devil
 11039 | D:9      | Noticed Harold
 11075 | D:9      | Learned a level 5 spell: Lightning Bolt
 11093 | D:9      | Noticed Maurice
 11112 | D:9      | Killed Maurice
 11167 | D:9      | Noticed Erolcha
 11298 | D:9      | Killed a two-headed ogre
 11299 | D:9      | Reached skill level 5 in Spellcasting
 11299 | D:9      | Reached skill level 5 in Conjurations
 11299 | D:9      | Reached skill level 9 in Air Magic
 11383 | D:9      | Noticed an ice devil
 11386 | D:9      | Noticed an ice devil
 11395 | D:9      | Noticed an ice statue
 11395 | D:9      | Noticed an ice devil
 11494 | D:9      | Found a staircase to the Orcish Mines.
 11567 | D:9      | Noticed an ice devil
 11649 | D:9      | Cast into level 1 of the Abyss (Erolcha)
 11722 | Abyss:1  | Noticed a black draconian knight
 11760 | Abyss:1  | Killed from afar by a black draconian knight

Illustrated notes

Levels and vault maps discovered:
D:1:      amcnicky_arrival_choice, layout_loops_ring
D:2:      layout_loops_ring, shapermc_ecumenical_altar_flowoftime
D:3:      layout_rooms
D:4:      layout_loops_ring, minmay_temple_entry_offerings, serial_shops, shop,
          uniq_sigmund
D:5:      layout_basic, lemuel_doored_altar, serial_shops, nicolae_shop_crystal
D:6:      layout_basic
D:7:      layout_loops_ring
D:8:      layout_cave_pools, dk_noncrumbling_3
D:9:      cheibrodos_frozen_isle, layout_loops_corners, uniq_erolcha,
          uniq_maurice, uniq_harold
Temple:   regret_index_temple_sigil_plot
Abyss:1:  base:
D:1

Skill      XL: |  1  2  3  4  5  6  7  8  9 |
---------------+----------------------------+-----
Air Magic      | 3 4 5 6 8 9 |  9.4
Conjurations   | 2 3 4 5 |  5.5
Dodging        | 2 4 5 |  5.0
Fighting       | 1 3 5 |  5.0
Spellcasting   | 5 |  5.0
Stealth        | |  1.7

Action                   |  1- 3 |  4- 6 |  7- 9 || total
-------------------------+-------+-------+-------++-------
Melee: Dagger            |    10 |     5 |       ||    15
       Short sword       |       |     8 |    59 ||    67
       Staff             |       |       |    28 ||    28
       Morningstar       |       |       |     3 ||     3
 Cast: Shock             |    47 |   101 |   140 ||   288
       Static Discharge  |       |    22 |    59 ||    81
       Airstrike         |       |       |     3 ||     3
       Lightning Bolt    |       |       |     1 ||     1
Evoke: Wand              |       |     1 |     2 ||     3
  Use: Scroll            |       |    10 |     6 ||    16
       Potion            |       |     1 |     5 ||     6
 Stab: Sleeping          |     2 |       |     2 ||     4
       Paralysed         |       |       |    43 ||    43
       Invisible         |       |       |     3 ||     3
Armor: Robe              |     4 |       |       ||     4
       Leather armour    |       |    12 |    11 ||    23
       Steam dragon scal |       |       |    10 ||    10
Dodge: Dodged            |    14 |    48 |   111 ||   173

Table legend: (Time is in decaauts)
 A = Elapsed time spent in this place.
 B = Non-inter-level travel time spent in this place.
 C = Inter-level travel time spent in this place.
 D = Time resting spent in this place.
 E = Time spent auto-exploring this place.
 F = Levels seen in this place.
 G = Mean time per level.
                   A        B        C        D        E       F      G
               +--------+--------+--------+--------+--------+-----+--------+
         Total |  11770 |  11164 |    606 |   3370 |   4595 |  11 | 1070.0 |
       Dungeon |  11337 |  10775 |    562 |   3370 |   4320 |   9 | 1259.7 |
        Temple |    325 |    281 |     44 |      0 |    275 |   1 |  325.0 |
         Abyss |    107 |    107 |      0 |      0 |      0 |   1 |  107.0 |
               +--------+--------+--------+--------+--------+-----+--------+

Top non-repeatable levels by time:
     D:7: 1923 daAuts
     D:5: 1442 daAuts
     D:6: 1381 daAuts
     D:8: 1364 daAuts
     D:9: 1208 daAuts
     D:2: 1183 daAuts
     D:1: 1110 daAuts
     D:4: 1093 daAuts
     D:3: 629 daAuts
  Temple: 325 daAuts
 Abyss:1: 107 daAuts
